 Dungeon Crawl Stone Soup version 0.30-a0-457-g4b7bca3bfa (webtiles) character file.

Game seed: 3459426745581780481

3934 bmack86 the Cleaver (level 10, -6/90 HPs)
             Began as a Minotaur Fighter on Dec 13, 2022.
             Was a Believer of Wu Jian.
             Mangled by an enormous slime creature (69 damage)
             ... on level 8 of the Dungeon.
             The game lasted 00:20:51 (6635 turns).

bmack86 the Cleaver (Minotaur Fighter)              Turns: 6635, Time: 00:20:51

Health: -6/90      AC: 19    Str: 26    XL:     10   Next: 1%
Magic:  9/9        EV:  8    Int:  5    God:    Wu Jian [**....]
Gold:   1043       SH:  5    Dex:  9    Spells: 9/9 levels left

rFire   . . .      SeeInvis .    G - +3 battleaxe (vamp)
rCold   . . .      Faith    .    (shield currently unavailable)
rNeg    + . .      Spirit   .    y - +2 plate armour
rPois   +          Reflect  +    (helmet restricted)
rElec   .          Harm     .    u - +2 cloak
rCorr   .          Rampage  .    (no gloves)
Will    .....                    (no boots)
Stlth   ..........               I - amulet of reflection
HPRegen 0.35/turn                h - ring of positive energy
MPRegen 0.11/turn                K - ring of poison resistance

@: no status effects
A: horns 2, retaliatory headbutt
a: Renounce Religion, Wall Jump


You were on level 8 of the Dungeon.
You worshipped Wu Jian.
Wu Jian was pleased with you.
You visited 2 branches of the dungeon, and saw 9 of its levels.

You collected 1323 gold pieces.
You spent 280 gold pieces at shops.

Inventory:

Hand Weapons
 a - a +0 war axe of flaming
 x - a +0 longbow
 G - a +3 vampiric battleaxe (weapon)
Missiles
 k - 31 poisoned darts (quivered)
 s - 4 silver javelins
 C - 3 throwing nets
Armour
 b - a +0 scale mail
 c - a +0 buckler
 i - a +3 ring mail
 t - a +0 tower shield
 u - a +2 cloak (worn)
 y - a +2 plate armour (worn)
 B - a scarf of shadows
Jewellery
 h - a ring of positive energy (left hand)
 I - an amulet of reflection (around neck)
 K - a ring of poison resistance (right hand)
Wands
 v - a wand of flame (35)
 L - a wand of paralysis (6)
Scrolls
 n - 4 scrolls of fear
 p - 6 scrolls of teleportation
 q - 3 scrolls of poison
 w - a scroll of amnesia
 z - a scroll of vulnerability
 D - a scroll of noise
 E - a scroll of immolation
 H - 2 scrolls of fog
Potions
 d - a potion of might
 e - 4 potions of haste
 f - 2 potions of attraction {unknown}
 g - 3 potions of degeneration
 j - 3 potions of flight
 l - 2 potions of berserk rage {unknown}
 m - 2 potions of cancellation {unknown}
 o - a potion of curing {unknown}
 r - 3 potions of brilliance
 A - a potion of heal wounds {unknown}
 F - a potion of lignification {unknown}
 J - 2 potions of mutation {unknown}
 M - a potion of ambrosia {unknown}


   Skills:
 + Level 8.4 Fighting
 + Level 12.1 Axes
 + Level 8.7 Armour
 + Level 1.4 Dodging
 + Level 0.6 Stealth
 + Level 6.5 Shields


You had 9 spell levels left.
You didn't know any spells.
Your spell library contained the following spells:

 Spells                   Type           Power      Damage    Failure   Level
 Beastly Appendage        Tmut           0%         N/A       99%         1
 Magic Dart               Conj           0%         1d3       99%         1
 Call Imp                 Summ           0%         N/A       100%        2
 Wereblood                Tmut           0%         N/A       100%        2
 Dazzling Flash           Conj/Hex       0%         N/A       100%        3
 Inner Flame              Hex/Fire       0%         N/A       100%        3
 Kindle Blastsparks       Fire/Tloc/Air  0%         2d10      100%        3
 Mephitic Cloud           Conj/Pois/Air  0%         N/A       100%        3
 Spider Form              Tmut/Pois      0%         N/A       100%        3
 Flame Wave               Conj/Fire      0%         2d4       100%        4
 Fulminant Prism          Conj/Hex       0%         3d5       100%        4
 Iskenderun's Mystic Bla  Conj/Tloc      0%         2d3       100%        4
 Sticky Flame             Conj/Fire      0%         2d3       100%        4
 Lee's Rapid Deconstruct  Erth           0%         3d4*      100%        5
 Starburst                Conj/Fire      0%         6d3       100%        6


Dungeon Overview and Level Annotations

Branches:
Dungeon (8/15)             Temple (1/1) D:4
   Lair: D:8-11

Altars:
Ashenzari
Dithmenos
Elyvilon
Fedhas
Gozag
Hepliaklqana
Kikubaaqudgha
Makhleb
Okawaru
Trog
Wu Jian
Xom
Yredelemnul
Zin

Shops:
D:4 *   D:5 *

Annotations:
D:6 3 runed translucent doors, 0gre's ghost, novice GnFi


Innate Abilities, Weirdness & Mutations

You have a pair of horns on your head.
You reflexively headbutt those who attack you in melee.


Message History

You hit the large slime creature. You headbutt the large slime creature.
The large slime creature is moderately wounded.
You slash the large slime creature!
The large slime creature is moderately wounded.
You slice the large slime creature!!
The large slime creature is severely wounded.
The large slime creature closely misses you.
A slime creature comes into view.
You hit the large slime creature. You headbutt the large slime creature.
The large slime creature is severely wounded.
The large slime creature barely misses you.
You slice the large slime creature!!
The large slime creature is almost dead.
Two slime creatures merge to form a very large slime creature.
You slash the very large slime creature!
You headbutt the very large slime creature.
The very large slime creature is severely wounded.
The very large slime creature barely misses you.
You slash the very large slime creature!
You headbutt the very large slime creature.
The very large slime creature is severely wounded.
The very large slime creature hits you!!!
You slash the very large slime creature!
You feel better.
The very large slime creature is almost dead.
The very large slime creature closely misses you.
You furiously retaliate!
You headbutt the very large slime creature!
You barely miss the very large slime creature.
The very large slime creature is almost dead.
The very large slime creature barely misses you.
You furiously retaliate!
You headbutt the very large slime creature.
Two slime creatures merge to form an enormous slime creature.
You slash the enormous slime creature!
You headbutt the enormous slime creature.
The enormous slime creature is severely wounded.
The enormous slime creature hits you!!!
Ouch! That really hurt!
You die...

#.# #.# #.# #.#
######.##### #.#
#........... #.#
#.###....... #$# #.#
#...#### #.# #.# #...#
#J# ###.# #...#
#.####@###...# #...#
#.$...(......###...# ##
#........###.........# #.
....).########)####..###.
...... ..................
###.# #######.#########.
## #.# #####. #..
........ ### ########


You could see an enormous slime creature.

Vanquished Creatures
  Prince Ribbit (D:6)
  3 steam dragons
  4 water moccasins
  Duvessa (D:4)
  An ice beast (D:6)
  2 orc warriors
  A black bear (D:5)
  A sky beast (D:6)
  An ogre (D:6)
  6 bullfrogs
  A necrophage (D:6)
  2 scorpions (D:4)
  18 wights
  Dowan (D:4)
  3 jellies
  2 hounds
  A gnoll bouda (D:6)
  3 orc priests
  4 iguanas
  2 orc wizards (D:4)
  16 gnolls
  9 adders
  A worm (D:5)
  4 dart slugs (D:1)
  13 orcs
  4 bats
  5 endoplasms
  3 giant cockroaches
  2 goblins (D:2)
  7 hobgoblins
  12 jackals
  4 kobolds
  A quokka (D:3)
  8 ball pythons
  5 frilled lizards
  3 rats (D:1)
155 creatures vanquished.

Vanquished Creatures (others)
  3 fungi (D:6)
  A plant (D:6)
4 creatures vanquished.

Grand Total: 159 creatures vanquished

Notes
Turn   | Place    | Note
-------+----------+-------------------------------------------
     0 | D:1      | bmack86 the Minotaur Fighter began the quest for the Orb.
     0 | D:1      | Reached XP level 1. HP: 19/19 MP: 0/0
   105 | D:1      | Reached XP level 2. HP: 24/27 MP: 1/1
   515 | D:1      | Reached skill level 3 in Axes
   572 | D:1      | Found a faded altar of an unknown god.
   804 | D:2      | Reached XP level 3. HP: 26/33 MP: 2/2
  1218 | D:2      | Reached XP level 4. HP: 41/41 MP: 3/3
  1734 | D:2      | Identified a scroll of acquirement
  1736 | D:2      | Acquired 950 gold pieces
  2062 | D:3      | Reached skill level 4 in Axes
  2362 | D:4      | Found Opseer's Overcharged Wands.
  2418 | D:4      | Found a staircase to the Ecumenical Temple.
  2457 | Temple   | Entered the Ecumenical Temple
  2563 | Temple   | Became a worshipper of the Wu Jian Council
  2588 | D:4      | Reached XP level 5. HP: 30/47 MP: 4/4
  2600 | D:4      | Reached skill level 1 in Dodging
  2815 | D:4      | Reached skill level 5 in Armour
  2815 | D:4      | Reached XP level 6. HP: 44/53 MP: 5/5
  2824 | D:4      | Reached skill level 5 in Axes
  3181 | D:4      | Noticed Dowan
  3181 | D:4      | Noticed Duvessa
  3190 | D:4      | Killed Duvessa
  3191 | D:4      | Reached skill level 5 in Fighting
  3191 | D:4      | Reached skill level 5 in Shields
  3193 | D:4      | Killed Dowan
  3198 | D:4      | Reached XP level 7. HP: 18/61 MP: 6/6
  3417 | D:5      | Entered Level 5 of the Dungeon
  3421 | D:5      | Reached skill level 6 in Axes
  3489 | D:5      | Reached * piety under Wu Jian
  3630 | D:5      | You fall into a shaft and drop 3 floors!
  3630 | D:8      | Found a shadowy altar of Dithmenos.
  3679 | D:8      | Reached skill level 7 in Axes
  3744 | D:7      | Reached XP level 8. HP: 53/70 MP: 7/7
  3939 | D:6      | Found a runed translucent gate.
  3940 | D:6      | Found a runed translucent gate.
  3940 | D:6      | Noticed 0gre's ghost (novice GnFi)
  3941 | D:6      | Found a runed translucent gate.
  3943 | D:6      | Noticed a kobold demonologist
  4097 | D:6      | Reached skill level 8 in Axes
  4112 | D:6      | Noticed Prince Ribbit
  4124 | D:6      | Killed Prince Ribbit
  4126 | D:6      | Reached skill level 9 in Axes
  4180 | D:6      | Found a white marble altar of Elyvilon.
  4356 | D:6      | Reached XP level 9. HP: 79/79 MP: 8/8
  4537 | D:6      | Reached skill level 10 in Axes
  4615 | D:5      | Found Sugaih's Serpentskin Sales.
  4630 | D:5      | Reached ** piety under Wu Jian
  4660 | D:5      | Bought a ring of poison resistance for 280 gold pieces
  5762 | D:7      | Reached skill level 11 in Axes
  6528 | D:8      | Reached skill level 12 in Axes
  6557 | D:8      | Reached XP level 10. HP: 89/89 MP: 9/9
  6635 | D:8      | Mangled by an enormous slime creature

Illustrated notes

Levels and vault maps discovered:
D:1:      psy_arrival_dodecagon, layout_loops_ring,
          hellmonk_ecumenical_altar_defaced_shrine, minmay_quantized
D:2:      layout_basic, nrook_campfire, minmay_tromino_mix6
D:3:      layout_rooms
D:4:      layout_basic, minmay_temple_entry_crystal_x,
          nicolae_shop_overcharged_wands, uniq_duvessa
D:5:      layout_loops_ring, enter_ossuary_5, guppyfry_shop_venom
D:6:      layout_gridville, mainiacjoe_overflow_surrounded_room,
          gammafunk_ghost_nasty_kobolds, st_stairs_11, uniq_prince_ribbit1
D:7:      layout_gridville, minivault_23
D:8:      layout_loops_ring, mainiacjoe_overflow_alcove_4, serial_shops,
          nicolae_shop_bloodbath_and_beyond, chequers_decorated_corner,
          dk_vineyard_3, minmay_crystal_water
Temple:   nicolae_temple_slightly_damp_pantheon

Skill      XL: |  1  2  3  4  5  6  7  8  9 |
---------------+----------------------------+-----
Axes           | 3 4 5 7 9 12 | 12.1
Fighting       | 4 5 6 7 8 |  8.4
Armour         | 4 5 6 7 8 |  8.7
Shields        | 4 5 6 |  6.5
Dodging        | 1 |  1.4
Stealth        | |  0.6

Action                   |  1- 3 |  4- 6 |  7- 9 | 10-12 || total
-------------------------+-------+-------+-------+-------++-------
Melee: War axe           |    76 |    94 |    12 |       ||   182
       Headbutt          |     9 |    11 |    30 |     5 ||    55
       Battleaxe         |       |       |   201 |    15 ||   216
Invok: Lunge             |       |     2 |    14 |     2 ||    18
       Whirlwind         |       |       |    31 |       ||    31
  Use: Scroll            |     2 |     8 |    11 |       ||    21
Armor: Scale mail        |    19 |       |       |       ||    19
       Ring mail         |    24 |    13 |       |       ||    37
       Plate armour      |       |    75 |   184 |     3 ||   262
Dodge: Dodged            |    49 |    18 |    90 |     7 ||   164
Block: Buckler           |    20 |       |       |       ||    20
       Tower shield      |       |    84 |    16 |       ||   100

Table legend: (Time is in decaauts)
 A = Elapsed time spent in this place.
 B = Non-inter-level travel time spent in this place.
 C = Inter-level travel time spent in this place.
 D = Time resting spent in this place.
 E = Time spent auto-exploring this place.
 F = Levels seen in this place.
 G = Mean time per level.
                   A        B        C        D        E       F      G
               +--------+--------+--------+--------+--------+-----+--------+
         Total |   6766 |   6586 |    180 |    302 |   4374 |   9 |  751.8 |
       Dungeon |   6647 |   6467 |    180 |    302 |   4313 |   8 |  830.9 |
        Temple |    118 |    118 |      0 |      0 |     61 |   1 |  118.0 |
               +--------+--------+--------+--------+--------+-----+--------+

Top non-repeatable levels by time:
     D:7: 1050 daAuts
     D:4: 980 daAuts
     D:2: 977 daAuts
     D:6: 939 daAuts
     D:5: 846 daAuts
     D:1: 793 daAuts
     D:3: 636 daAuts
     D:8: 423 daAuts
  Temple: 118 daAuts
